Map: Lost and Found LE

Players

DnS - Winner!

  • Race: Protoss Protoss
  • Spawn Location: 7:00

Silky

  • Race: Zerg Zerg
  • Spawn Location: 1:00

Event: WCS Austin 2018

VOD

Have the link to the VOD?

Description

Time

  • Played on: June 1, 2018, 3:15 p.m.
  • Length: 17:48

All games in this series

Show
View Real Time Build Order
Export as new Build Order

DnS Protoss - Winner!

Build Orders: 1 Gate Expand, Oracle Opening, Phoenix Opening, Archon Immortal, Carriers, Zealot Archon, Archon Drop 

Get SALT Encoding   

  12  0:00  Probe  
  13  0:12  Probe  
  14  0:19  Pylon  
  14  0:24  Probe  
  15  0:33  Probe  
  15  0:38  Gateway  
  15  0:41  Probe  
  16  0:47  Assimilator  
  17  0:51  Probe  
  18  1:04  Probe  
  19  1:16  Probe  
  20  1:23  Nexus  
  20  1:34  Cybernetics Core  
  20  1:36  Probe  
  21  1:45  Assimilator  
  21  1:48  Probe  
  21  1:53  Pylon  
  22  2:01  Probe  
  23  2:02  Adept  
  23  2:13  Probe  
  26  2:16  Stargate  
  26  2:21  Adept  
  26  2:25  Probe  
  29  2:32  Probe  
  30  2:37  Probe  
  30  2:38  Warp Gate  
  30  2:40  Probe  
  31  2:49  Probe x2  
  31  2:50  Adept  
  36  3:01  Probe x2  
  36  3:05  Phoenix  
  40  3:13  Probe x2  
  40  3:15  Assimilator  
  40  3:16  Pylon  
  42  3:20  Assimilator  
  42  3:25  Probe x2  
  42  3:26  Oracle  
  44  3:36  Probe  
  44  3:37  Probe  
  44  3:40  Gateway  
  49  3:45  Probe  
  49  3:49  Probe  
  49  3:53  Pylon, Probe  
  51  3:57  Robotics Facility  
  51  4:02  Probe  
  53  4:04  Probe  
  53  4:07  Pylon  
  54  4:14  Twilight Council  
  54  4:17  Probe x2  
  56  4:27  Gateway  
  56  4:28  Gateway  
  56  4:30  Gateway  
  56  4:33  Warp Prism  
  56  4:34  Gateway  
  56  4:39  Pylon  
  56  4:41  Charge  
  58  4:49  Zealot  
  58  4:50  Zealot  
  58  4:52  Pylon  
  62  5:02  Templar Archives  
  62  5:13  Zealot x2  
  66  5:16  Pylon  
  66  5:27  Nexus  
  66  5:29  Pylon  
  66  5:39  High Templar x3  
  66  5:40  Zealot x2, High Templar  
  78  5:43  Archon  
  78  5:46  Archon  
  76  5:50  Probe x2  
  78  5:58  Observer  
  78  5:59  Pylon  
  78  6:02  Probe  
  80  6:10  Zealot  
  80  6:11  Zealot x4  
  84  6:12  Zealot  
  84  6:16  Probe x2  
  94  6:20  Observer  
  95  6:28  Probe  
  70  6:40  Probe  
  70  6:41  Probe  
  70  6:42  Probe  
  70  6:44  Zealot, High Templar x4  
  70  6:45  Zealot  
  83  6:48  Archon x2  
  83  6:52  Probe, Forge  
  83  6:53  Probe  
  85  6:54  Probe  
  86  7:02  Psionic Storm  
  86  7:04  Protoss Ground Weapons Level 1, Probe  
  86  7:05  Probe x2  
  89  7:13  Assimilator, Probe  
  89  7:15  Assimilator  
  89  7:16  Probe  
  89  7:17  Probe  
  89  7:19  Gateway x2  
  89  7:21  Probe  
  92  7:25  High Templar x2  
  92  7:28  Probe  
  92  7:29  Probe  
  99  7:33  Probe  
  100  7:37  Pylon  
  100  7:38  Zealot x4, Pylon  
  100  7:39  Shield Battery  
  100  7:40  Probe  
  109  7:49  Immortal  
  105  8:00  High Templar x2  
  105  8:01  Zealot x4  
  117  8:17  Immortal, High Templar  
  117  8:18  High Templar, Nexus  
  120  8:20  Pylon  
  120  8:23  Photon Cannon  
  120  8:24  Photon Cannon  
  124  8:38  Probe x3  
  124  8:40  Photon Cannon  
  127  8:42  Protoss Ground Weapons Level 2, Pylon  
  127  8:43  Gateway x2, Immortal  
  127  8:44  Observer, Photon Cannon  
  127  8:46  Photon Cannon  
  124  8:50  Probe  
  124  8:53  Assimilator  
  125  8:57  Assimilator  
  129  9:09  High Templar x2  
  133  9:14  Archon, Shield Battery  
  133  9:15  Immortal  
  133  9:16  Shield Battery  
  135  9:29  Photon Cannon  
  133  9:32  High Templar x2  
  133  9:33  Zealot x4  
  133  9:36  Archon, Pylon  
  145  9:39  Pylon  
  143  9:47  Photon Cannon  
  143  9:49  Warp Prism  
  147  10:04  High Templar  
  147  10:05  High Templar x3  
  153  10:09  Archon, Gateway  
  153  10:10  Archon  
  153  10:13  Gateway  
  147  10:16  Zealot x6, Gateway  
  151  10:27  Warp Prism  
  151  10:28  Photon Cannon  
  151  10:37  High Templar x2  
  151  10:38  High Templar x3  
  151  10:39  High Templar  
  151  10:40  Zealot x4  
  151  10:42  Archon x2  
  171  10:43  Archon  
  171  11:02  Fleet Beacon  
  165  11:08  Protoss Ground Weapons Level 3  
  159  11:12  Stargate  
  159  11:15  Stargate  
  159  11:33  Zealot x6  
  159  11:34  Zealot x5  
  149  11:48  Carrier  
  149  11:49  Carrier x2  
  149  11:51  High Templar x2  
  151  11:57  Protoss Air Weapons Level 1  
  143  12:02  Zealot x6  
  143  12:03  Zealot x2  
  143  12:06  Graviton Catapult, Mothership  
  151  12:14  Zealot  
  151  12:15  Zealot x3  
  155  12:17  Zealot  
  164  12:36  Zealot  
  166  12:43  Zealot x4  
  171  12:57  Pylon  
  167  12:58  Pylon  
  167  13:02  Carrier  
  160  13:06  Carrier  
  160  13:09  Carrier  
  160  13:15  Zealot, Photon Cannon  
  160  13:16  Photon Cannon  
  160  13:18  Photon Cannon  
  180  13:20  Pylon  
  180  13:21  Protoss Air Weapons Level 2  
  180  13:22  Pylon  
  180  13:23  Zealot x3, Pylon  
  180  13:25  Pylon  
  178  13:42  Photon Cannon  
  178  13:51  Nexus  
  178  13:52  Pylon  
  178  13:55  High Templar x2, Pylon  
  169  14:01  Archon  
  169  14:02  Stargate  
  173  14:03  Stargate  
  173  14:04  Observer  
  173  14:17  Zealot x3  
  173  14:18  Zealot x5  
  173  14:22  Zealot x3  
  173  14:23  Zealot x4  
  187  14:25  Carrier  
  183  14:35  Carrier  
  195  14:49  Nexus  
  195  14:52  Protoss Shields Level 1  
  195  15:01  Zealot  
  195  15:02  Zealot  
  195  15:03  Photon Cannon  
  195  15:04  Photon Cannon  
  195  15:06  Shield Battery  
  176  15:24  High Templar  
  176  15:25  High Templar x5  
  176  15:26  Zealot, High Templar x2  
  176  15:27  Zealot x3  
  196  15:29  Archon x3  
  196  15:30  Archon  
  196  15:35  Observer  
  188  15:58  Nexus  
  188  15:59  Pylon  
  188  16:00  Pylon  
  188  16:07  Zealot x2  
  188  16:08  Zealot x2  
  183  16:19  Photon Cannon  
  183  16:20  Gateway  
  183  16:22  Shield Battery  
  182  16:26  High Templar x3  
  182  16:27  High Templar  
  182  16:31  Archon x2  
  182  16:32  High Templar x4  
  198  16:36  Archon  
  198  16:37  Archon  
  199  16:54  Probe x2  
  199  16:59  Photon Cannon  
  186  17:09  Zealot x4  
  186  17:15  Zealot  
  186  17:16  Zealot x4  
  192  17:29  High Templar x3  
Show
View Real Time Build Order
Export as new Build Order

Silky Zerg 

Build Orders: Hatch First 

Get SALT Encoding   

  12  0:00  Drone  
  13  0:12  Overlord  
  13  0:17  Drone  
  14  0:31  Drone x2  
  16  0:47  Hatchery  
  15  0:51  Drone  
  15  0:54  Drone  
  17  0:58  Drone  
  18  1:08  Extractor  
  17  1:12  Spawning Pool  
  17  1:15  Drone  
  17  1:19  Drone  
  18  1:28  Drone  
  19  1:39  Drone  
  20  1:49  Overlord  
  20  1:59  Queen x2  
  20  2:00  Zergling x2  
  20  2:01  Zergling x2  
  26  2:07  Metabolic Boost  
  26  2:11  Drone  
  26  2:12  Drone  
  28  2:22  Drone x2  
  30  2:34  Hatchery  
  29  2:40  Queen  
  31  2:45  Overlord  
  31  2:50  Drone x2  
  33  2:53  Zergling x2  
  33  2:54  Zergling x2  
  35  3:02  Overlord  
  35  3:04  Drone  
  36  3:08  Drone x3  
  36  3:12  Drone  
  40  3:15  Drone x2  
  41  3:28  Drone x3  
  41  3:32  Queen  
  46  3:36  Evolution Chamber  
  46  3:38  Overlord, Drone x2  
  47  3:41  Drone x2  
  47  3:44  Drone  
  47  3:47  Spore Crawler  
  49  3:51  Drone x3  
  49  3:54  Drone  
  53  3:56  Zergling x4  
  53  4:02  Zerg Melee Weapons Level 1  
  55  4:04  Spore Crawler  
  55  4:07  Overlord  
  54  4:10  Queen  
  54  4:12  Drone  
  54  4:15  Drone  
  58  4:20  Lair  
  58  4:24  Overlord x2  
  58  4:27  Extractor  
  58  4:28  Drone x3  
  58  4:30  Drone  
  61  4:32  Drone x2  
  61  4:35  Drone  
  61  4:36  Extractor  
  63  4:40  Overlord  
  63  4:42  Drone  
  63  4:43  Drone x3  
  67  4:50  Baneling Nest  
  67  4:52  Spine Crawler, Zergling x2  
  66  4:53  Zergling x4  
  66  4:57  Zergling x4  
  66  4:58  Zergling x2  
  71  5:01  Overlord  
  71  5:03  Zergling x4  
  71  5:09  Drone x3  
  71  5:13  Drone x2  
  75  5:18  Drone x2  
  77  5:22  Queen  
  77  5:26  Queen  
  81  5:31  Drone x4  
  81  5:32  Drone x3  
  81  5:33  Extractor  
  81  5:35  Overlord  
  86  5:43  Overlord  
  86  5:44  Zergling x6  
  86  5:48  Zergling x6  
  87  5:50  Overlord  
  87  5:52  Zergling x2  
  87  5:55  Queen  
  87  5:56  Zergling x10  
  95  6:02  Baneling x7  
  95  6:06  Zergling x4  
  95  6:07  Zergling x4  
  99  6:12  Zergling x6  
  102  6:21  Baneling x2  
  102  6:22  Baneling, Zergling x6  
  102  6:24  Baneling x2  
  104  6:31  Zergling x2  
  104  6:32  Zergling x8  
  92  6:42  Drone x7  
  92  6:44  Zerg Melee Weapons Level 2  
  92  6:45  Centrifical Hooks  
  99  6:54  Hatchery  
  99  6:58  Drone x5  
  103  7:07  Hydralisk Den  
  96  7:13  Zergling x8  
  99  7:16  Drone  
  99  7:17  Drone x2, Extractor  
  99  7:19  Extractor  
  101  7:22  Drone  
  101  7:23  Drone  
  102  7:36  Drone x2, Hydralisk x4  
  102  7:37  Grooved Spines, Hydralisk x2  
  106  7:41  Drone  
  106  7:43  Drone  
  118  7:47  Hydralisk  
  118  7:49  Baneling x2  
  118  7:50  Baneling  
  118  7:58  Hydralisk x3  
  116  8:00  Overlord x3  
  116  8:01  Overlord, Overseer  
  120  8:06  Drone  
  120  8:07  Drone x3  
  120  8:12  Hydralisk  
  124  8:14  Drone x2  
  128  8:22  Hydralisk x3, Extractor  
  128  8:23  Hydralisk x2, Extractor  
  136  8:30  Hatchery  
  136  8:33  Hydralisk x3  
  141  8:34  Zergling x8  
  141  8:35  Infestation Pit  
  141  8:37  Spine Crawler x2  
  141  8:39  Zergling x6  
  141  8:40  Zergling x4  
  141  8:41  Drone x2  
  149  8:44  Zergling x6  
  149  8:45  Spine Crawler  
  149  8:48  Muscular Augments  
  151  8:51  Overseer  
  151  8:55  Zergling x8  
  155  9:00  Hydralisk  
  157  9:05  Zergling x6  
  157  9:06  Zergling x2  
  157  9:07  Overlord x3  
  159  9:19  Overlord x2  
  159  9:22  Hive  
  159  9:24  Spire  
  159  9:31  Baneling x12  
  157  9:32  Baneling x9  
  157  9:33  Zergling x16  
  163  9:46  Drone x2  
  163  9:49  Zergling x20  
  163  9:50  Zergling x2  
  173  9:53  Zergling x10  
  177  10:01  Zergling x6  
  177  10:05  Drone x3  
  173  10:26  Drone x4  
  177  10:32  Spore Crawler  
  176  10:36  Adrenal Glands, Greater Spire  
  176  10:37  Corruptor x6  
  187  10:54  Zergling x12  
  187  10:55  Zergling x14  
  194  10:58  Spine Crawler  
  194  10:59  Spine Crawler  
  194  11:02  Zergling x2  
  194  11:03  Zergling x16  
  196  11:07  Extractor  
  196  11:09  Extractor  
  191  11:16  Baneling  
  191  11:17  Baneling x18  
  191  11:20  Zergling x16  
  191  11:23  Overlord  
  199  11:28  Baneling x4  
  199  11:29  Baneling x9  
  196  11:46  Zergling x14  
  196  11:47  Zergling x20  
  170  11:49  Brood Lord x6  
  181  11:55  Zergling x2  
  181  11:56  Zergling x4  
  179  12:01  Zergling x4  
  179  12:02  Zergling x2  
  179  12:07  Zerg Melee Weapons Level 3  
  174  12:10  Drone x6  
  174  12:12  Corruptor x3  
  186  12:18  Infestor x3, Pathogen Glands  
  192  12:23  Baneling  
  192  12:24  Baneling x5  
  192  12:31  Infestor x2  
  196  12:40  Infestor  
  196  12:43  Extractor  
  195  12:44  Zergling x2  
  195  12:45  Zergling x6  
  195  12:48  Hatchery  
  195  12:50  Baneling x12  
  194  13:07  Zerg Flyer Weapons Level 1  
  194  13:12  Baneling x3  
  187  13:13  Zergling x2  
  187  13:14  Zergling x26  
  198  13:29  Infestor  
  198  13:32  Infestor  
  198  13:33  Infestor  
  199  13:35  Neural Parasite  
  197  13:49  Spine Crawler  
  197  13:53  Infestor x3  
  197  13:59  Infestor  
  199  14:14  Evolution Chamber  
  184  14:22  Infestor x2  
  181  14:27  Zergling x6  
  181  14:28  Zergling x26  
  193  14:31  Brood Lord  
  195  14:41  Brood Lord x2  
  195  14:44  Zerg Ground Armor Level 1, Drone, Extractor  
  195  14:45  Extractor  
  198  14:46  Spore Crawler  
  198  14:47  Spore Crawler x2  
  198  14:48  Zerg Missile Weapons Level 1  
  195  14:59  Overseer  
  192  15:01  Overseer x3  
  192  15:02  Overseer x2  
  192  15:06  Hatchery  
  162  15:14  Infestor x2  
  156  15:31  Infestor x2  
  156  15:34  Zergling x14  
  156  15:35  Zergling x50  
  182  15:46  Infestor  
  183  15:55  Drone  
  183  15:56  Drone x8  
  183  15:57  Drone x2  
  193  16:01  Spore Crawler  
  193  16:04  Hatchery  
  188  16:08  Spore Crawler x2  
  188  16:10  Spore Crawler  
  177  16:13  Spore Crawler  
  177  16:14  Infestor x3  
  177  16:15  Infestor  
  166  16:19  Zergling x16  
  166  16:20  Zergling x12  
  166  16:25  Drone  
  177  16:29  Spore Crawler  
  177  16:30  Spore Crawler x2, Overseer  
  177  16:31  Spire, Overseer  
  173  16:52  Infestor x2  
  167  17:06  Infestor x2  
  122  17:26  Drone  
  122  17:27  Drone x6  
  122  17:28  Drone x2  
  122  17:29  Drone  
  132  17:33  Spore Crawler  
  132  17:34  Spore Crawler x2  
  132  17:35  Spore Crawler x2  
Tags
 
Add a new tag
Caveats
  • Supply blocks, unpowered buildings, or Contaminate may cause inaccurate times.
  • Supply counts are checked every 10 seconds.